[ AOE2 MATCH · #505421924 ]
UnrankedJapanese vs Chinese
Player's team · LOSS
Rival team · WIN
[ REPLAY ANALYSIS · EXTRACTED FROM THE RECORDED GAME ]
Feudal
8:55
Castle
27:40
Imperial
43:59
| APM avg | 58.3 |
| APM peak | 102 |
| eAPM avg | 27.7 |
| Villagers / military | 173 / 98 |
Focus
⚔️ 30.9% · 🌾 69.1%
Knight ×33 · Militia ×20 · Skirmisher ×18 · Samurai ×12 · Scorpion ×9 · Monk ×4
Feudal
8:57
Castle
23:56
Imperial
38:06
| APM avg | 63.5 |
| APM peak | 89 |
| eAPM avg | 30.3 |
| Villagers / military | 143 / 139 |
Focus
⚔️ 49.2% · 🌾 50.8%
Archer ×92 · Battering Ram ×16 · Fire Lancer ×12 · Iron Pagoda ×9 · Monk ×5 · Skirmisher ×3
Match map
Initial resources + every placement click. Lines = walls · curves = elevation contours. ◆ gold · ⬟ stone · ● berries · ✦ relic · ◌ wall gap
Your base· Open — 4t gap
wisenatic's base· Open — unwalled flank
Smoothed initial terrain · ◌ = detected wall gap · hover for details
Inputs per minute
— 新竹 - - wisenatic
Build order — 新竹
First 150 of 439 actions detected
| 0:00 | Create | Villager (Male) |
| 0:01 | Create | Villager (Male) |
| 0:01 | Create | Villager (Male) |
| 0:02 | Build | House |
| 0:04 | Build | House |
| 0:20 | Create | Villager (Male) |
| 1:23 | Create | Villager (Male) |
| 1:23 | Create | Villager (Male) |
| 1:24 | Create | Villager (Male) |
| 1:56 | Create | Villager (Male) |
| 1:57 | Create | Villager (Male) |
| 1:57 | Create | Villager (Male) |
| 2:21 | Create | Villager (Male) |
| 2:22 | Create | Villager (Male) |
| 2:36 | Build | Lumber Camp |
| 2:43 | Create | Villager (Male) |
| 2:44 | Create | Villager (Male) |
| 2:44 | Create | Villager (Male) |
| 2:51 | Build | House |
| 3:10 | Create | Villager (Male) |
| 3:11 | Create | Villager (Male) |
| 3:11 | Create | Villager (Male) |
| 3:46 | Create | Villager (Male) |
| 3:47 | Create | Villager (Male) |
| 3:47 | Create | Villager (Male) |
| 4:51 | Create | Villager (Male) |
| 4:51 | Create | Villager (Male) |
| 5:06 | Build | Mining Camp |
| 5:17 | Create | Villager (Male) |
| 5:19 | Build | Palisade Wall |
| 5:21 | Build | Palisade Wall |
| 5:33 | Create | Villager (Male) |
| 5:34 | Research | Loom |
| 5:34 | Research | Loom |
| 6:45 | Research | Feudal Age |
| 6:45 | Research | Feudal Age |
| 6:49 | Build | House |
| 7:31 | Build | Mill |
| 7:41 | Build | Barracks |
| 8:22 | Create | Militia |
| 8:22 | Create | Militia |
| 8:22 | Create | Militia |
| 8:55 | Age | Feudal Age |
| 8:57 | Research | Man-at-Arms (upgrade) |
| 8:58 | Research | Man-at-Arms (upgrade) |
| 9:01 | Build | Watch Tower |
| 9:12 | Create | Villager (Male) |
| 9:13 | Create | Villager (Male) |
| 9:13 | Create | Villager (Male) |
| 9:13 | Create | Villager (Male) |
| 9:18 | Build | House |
| 9:19 | Build | House |
| 9:41 | Create | Villager (Male) |
| 9:42 | Create | Villager (Male) |
| 9:42 | Create | Villager (Male) |
| 9:45 | Build | Mining Camp |
| 9:57 | Create | Villager (Male) |
| 9:57 | Create | Villager (Male) |
| 9:57 | Create | Villager (Male) |
| 10:17 | Create | Villager (Male) |
| 10:18 | Create | Villager (Male) |
| 10:39 | Research | Double-Bit Axe |
| 10:39 | Research | Double-Bit Axe |
| 10:49 | Create | Villager (Male) |
| 10:50 | Create | Villager (Male) |
| 10:50 | Create | Villager (Male) |
| 10:50 | Create | Villager (Male) |
| 11:18 | Create | Villager (Male) |
| 11:18 | Create | Villager (Male) |
| 11:18 | Create | Villager (Male) |
| 11:33 | Create | Villager (Male) |
| 11:33 | Create | Villager (Male) |
| 11:34 | Create | Villager (Male) |
| 11:43 | Build | Mill |
| 12:04 | Create | Villager (Male) |
| 12:04 | Create | Villager (Male) |
| 12:05 | Create | Villager (Male) |
| 12:05 | Create | Villager (Male) |
| 12:06 | Build | Farm |
| 12:07 | Build | Farm |
| 12:18 | Create | Villager (Male) |
| 12:18 | Create | Villager (Male) |
| 12:19 | Create | Villager (Male) |
| 12:51 | Build | Watch Tower |
| 12:53 | Create | Militia |
| 12:53 | Create | Militia |
| 13:20 | Create | Militia |
| 13:20 | Create | Militia |
| 13:36 | Create | Militia |
| 13:36 | Create | Militia |
| 13:36 | Create | Militia |
| 14:06 | Create | Militia |
| 14:07 | Create | Militia |
| 14:37 | Create | Villager (Male) |
| 14:37 | Create | Villager (Male) |
| 14:37 | Create | Villager (Male) |
| 14:37 | Create | Villager (Male) |
| 14:58 | Create | Militia |
| 15:20 | Create | Villager (Male) |
| 15:20 | Create | Villager (Male) |
| 15:20 | Create | Villager (Male) |
| 15:20 | Create | Villager (Male) |
| 15:21 | Build | Farm |
| 15:38 | Build | Palisade Wall |
| 15:45 | Build | Watch Tower |
| 15:47 | Create | Villager (Male) |
| 15:47 | Create | Villager (Male) |
| 15:48 | Create | Villager (Male) |
| 15:48 | Create | Villager (Male) |
| 16:08 | Create | Militia |
| 16:08 | Create | Militia |
| 16:21 | Create | Villager (Male) |
| 16:21 | Create | Villager (Male) |
| 16:21 | Create | Villager (Male) |
| 16:21 | Create | Villager (Male) |
| 16:22 | Build | Farm |
| 16:23 | Build | Farm |
| 16:24 | Build | Farm |
| 16:26 | Build | House |
| 16:42 | Build | Blacksmith |
| 16:56 | Create | Villager (Male) |
| 16:56 | Create | Villager (Male) |
| 16:56 | Create | Villager (Male) |
| 17:32 | Build | Watch Tower |
| 17:36 | Create | Villager (Male) |
| 17:41 | Build | Farm |
| 17:42 | Create | Villager (Male) |
| 17:42 | Create | Villager (Male) |
| 17:43 | Create | Villager (Male) |
| 17:48 | Create | Villager (Male) |
| 17:50 | Create | Villager (Male) |
| 17:50 | Create | Villager (Male) |
| 18:08 | Build | Watch Tower |
| 18:24 | Create | Villager (Male) |
| 18:24 | Create | Villager (Male) |
| 18:24 | Create | Villager (Male) |
| 18:24 | Create | Villager (Male) |
| 18:27 | Build | Farm |
| 18:28 | Build | Farm |
| 18:31 | Build | Palisade Wall |
| 18:38 | Build | Lumber Camp |
| 18:48 | Build | Watch Tower |
| 18:52 | Create | Villager (Male) |
| 18:53 | Create | Villager (Male) |
| 18:53 | Create | Villager (Male) |
| 18:53 | Create | Villager (Male) |
| 18:57 | Build | Farm |
| 19:01 | Create | Villager (Male) |
| 19:01 | Create | Villager (Male) |
| 19:01 | Create | Villager (Male) |
Build order — wisenatic
First 150 of 431 actions detected
| 0:00 | Research | Loom |
| 0:43 | Create | Villager (Male) |
| 0:44 | Create | Villager (Male) |
| 1:08 | Create | Villager (Male) |
| 1:09 | Create | Villager (Male) |
| 1:35 | Create | Villager (Male) |
| 1:35 | Create | Villager (Male) |
| 2:00 | Create | Villager (Male) |
| 2:00 | Create | Villager (Male) |
| 2:28 | Create | Villager (Male) |
| 2:29 | Create | Villager (Male) |
| 2:44 | Build | Lumber Camp |
| 2:50 | Create | Villager (Male) |
| 2:50 | Create | Villager (Male) |
| 2:50 | Create | Villager (Male) |
| 3:11 | Build | House |
| 3:24 | Create | Villager (Male) |
| 3:25 | Create | Villager (Male) |
| 3:25 | Create | Villager (Male) |
| 3:51 | Create | Villager (Male) |
| 4:05 | Create | Villager (Male) |
| 4:32 | Create | Villager (Male) |
| 4:49 | Build | Mill |
| 5:28 | Build | House |
| 5:40 | Create | Villager (Male) |
| 6:09 | Build | House |
| 6:22 | Create | Villager (Male) |
| 6:45 | Research | Feudal Age |
| 6:45 | Research | Feudal Age |
| 6:45 | Research | Feudal Age |
| 7:43 | Build | Barracks |
| 7:48 | Build | Palisade Wall |
| 8:31 | Build | Palisade Wall |
| 8:33 | Build | Palisade Wall |
| 8:41 | Create | Villager (Male) |
| 8:57 | Age | Feudal Age |
| 8:58 | Build | Archery Range |
| 9:05 | Create | Villager (Male) |
| 9:22 | Create | Villager (Male) |
| 9:30 | Build | Mining Camp |
| 9:32 | Research | Double-Bit Axe |
| 9:32 | Research | Double-Bit Axe |
| 9:32 | Research | Double-Bit Axe |
| 9:41 | Create | Archer |
| 9:46 | Build | Palisade Wall |
| 9:50 | Create | Villager (Male) |
| 9:58 | Build | Palisade Wall |
| 9:58 | Create | Villager (Male) |
| 10:08 | Build | Watch Tower |
| 10:11 | Build | Watch Tower |
| 10:20 | Create | Villager (Male) |
| 10:22 | Create | Skirmisher ×3 |
| 10:43 | Create | Villager (Male) |
| 11:03 | Build | Mill |
| 11:04 | Create | Villager (Male) |
| 11:22 | Build | House |
| 11:27 | Create | Archer ×2 |
| 11:39 | Build | House |
| 12:00 | Build | House |
| 12:14 | Create | Villager (Male) |
| 12:33 | Create | Archer |
| 12:39 | Create | Villager (Male) |
| 13:10 | Create | Villager (Male) |
| 13:13 | Build | Farm |
| 13:16 | Build | Farm |
| 13:50 | Create | Villager (Male) |
| 13:58 | Create | Villager (Male) |
| 14:01 | Build | Farm |
| 14:24 | Create | Villager (Male) |
| 14:27 | Create | Villager (Male) |
| 14:28 | Build | Farm |
| 14:29 | Create | Archer |
| 14:29 | Create | Archer |
| 14:44 | Create | Villager (Male) |
| 14:47 | Build | Farm |
| 14:52 | Build | Farm |
| 14:56 | Build | Farm |
| 15:18 | Create | Villager (Male) |
| 15:26 | Create | Archer |
| 15:26 | Create | Archer |
| 15:32 | Build | Farm |
| 15:41 | Build | Farm |
| 15:47 | Build | Farm |
| 15:53 | Create | Archer |
| 15:58 | Build | House |
| 16:04 | Create | Villager (Male) |
| 16:24 | Build | House |
| 16:29 | Create | Villager (Male) |
| 16:32 | Build | Farm |
| 16:38 | Build | Blacksmith |
| 16:48 | Build | House |
| 17:10 | Build | Farm |
| 17:12 | Create | Villager (Male) |
| 17:38 | Create | Archer |
| 17:41 | Build | House |
| 17:48 | Research | Fletching |
| 17:50 | Create | Archer |
| 17:51 | Create | Villager (Male) |
| 17:58 | Build | Farm |
| 18:02 | Build | Farm |
| 18:04 | Create | Villager (Male) |
| 18:18 | Build | House |
| 18:23 | Build | House |
| 18:24 | Build | Farm |
| 18:29 | Create | Archer |
| 18:30 | Create | Villager (Male) |
| 18:40 | Build | Lumber Camp |
| 18:58 | Create | Archer |
| 19:11 | Create | Villager (Male) |
| 19:15 | Build | Archery Range |
| 19:25 | Create | Villager (Male) |
| 19:27 | Create | Archer |
| 20:08 | Create | Villager (Male) |
| 20:10 | Create | Archer |
| 20:12 | Create | Archer |
| 20:13 | Create | Archer |
| 20:16 | Build | House |
| 20:16 | Build | Palisade Wall |
| 20:21 | Build | Mining Camp |
| 20:58 | Build | Palisade Wall |
| 21:04 | Build | Palisade Wall |
| 21:06 | Build | Palisade Wall |
| 21:16 | Research | Castle Age |
| 21:16 | Research | Castle Age |
| 21:16 | Research | Castle Age |
| 21:19 | Create | Archer |
| 21:19 | Create | Archer |
| 21:50 | Build | House |
| 21:52 | Create | Archer |
| 21:52 | Create | Archer |
| 22:05 | Research | Horse Collar |
| 22:05 | Research | Horse Collar |
| 22:22 | Build | House |
| 22:23 | Build | House |
| 22:28 | Research | Gold Mining |
| 22:28 | Research | Gold Mining |
| 22:32 | Create | Archer |
| 22:32 | Create | Archer |
| 22:37 | Create | Archer |
| 22:37 | Create | Archer |
| 22:52 | Build | House |
| 22:53 | Build | House |
| 22:54 | Build | House |
| 22:59 | Build | Farm |
| 23:31 | Build | Farm |
| 23:47 | Create | Villager (Male) |
| 23:47 | Create | Villager (Male) |
| 23:48 | Create | Archer |
| 23:56 | Age | Castle Age |
| 23:58 | Build | Siege Workshop |
Match timeline
| 5:19 | 新竹 · wall_segment Palisade Wall x1 |
| 5:21 | 新竹 · wall_segment Palisade Wall x1 |
| 7:41 | 新竹 · first_building Barracks |
| 7:43 | wisenatic · first_building Barracks |
| 7:48 | wisenatic · wall_segment Palisade Wall x5 |
| 8:31 | wisenatic · wall_segment Palisade Wall x4 |
| 8:33 | wisenatic · wall_segment Palisade Wall x2 |
| 8:55 | 新竹 · age_up feudal |
| 8:57 | wisenatic · age_up feudal |
| 8:58 | wisenatic · first_building Archery Range |
| 9:46 | wisenatic · wall_segment Palisade Wall x1 |
| 9:58 | wisenatic · wall_segment Palisade Wall x1 |
| 15:38 | 新竹 · wall_segment Palisade Wall x2 |
| 18:31 | 新竹 · wall_segment Palisade Wall x7 |
| 20:16 | wisenatic · wall_segment Palisade Wall x1 |
| 20:58 | wisenatic · wall_segment Palisade Wall x3 |
| 21:04 | wisenatic · wall_segment Palisade Wall x1 |
| 21:06 | wisenatic · wall_segment Palisade Wall x3 |
| 23:56 | wisenatic · age_up castle |
| 23:58 | wisenatic · first_building Siege Workshop |
| 24:03 | 新竹 · first_building Stable |
| 24:21 | 新竹 · first_market_buy 100 food |
| 26:43 | wisenatic · first_building Monastery |
| 27:40 | 新竹 · age_up castle |
| 28:59 | 新竹 · first_building Siege Workshop |
| 30:06 | wisenatic · first_market_sell 100 food |
| 30:07 | wisenatic · first_market_buy 100 stone |
| 32:59 | 新竹 · first_building Monastery |
| 38:06 | wisenatic · age_up imperial |
| 40:35 | 新竹 · first_building Archery Range |
| 43:02 | wisenatic · first_building Castle |
| 43:59 | 新竹 · age_up imperial |
| 44:10 | 新竹 · first_building Castle |
| 45:58 | 新竹 · resign |
[ AI ANALYSIS · 1 CREDIT ]
What really happened in this match?
Wolo.gg analyzes every decision: build order, eco, micro, common mistakes by bracket. Personalized analysis on WhatsApp or Discord in 30 seconds.
Civ guide
Japanese
Perfil
Jugador #14547856